Cogmind - Beta 14 @@@ ROGUE MODE // 2024.09.26 @ 17:22:22 Player: Daffa0360 Result: Self-destructed Performance ------------- Evolutions (1) 500 Regions Visited (3) 600 Robots Destroyed (10) 50 Value Destroyed (122) 122 Prototype IDs (0) 0 Alien Tech Used (0) 0 Bonus (0) 0 TOTAL SCORE: 1272 Bonus ------- None Cogmind --------- Core Integrity 324/400 Matter 207/300 Energy 112/150 System Corruption 0% Temperature Critical (573) Movement Core (750) Ox14 Location -9/Materials Parts ------- > --- POWER (1) -------- Light Angular Momentum Engine > --- PROPULSION (2) --- (None) > --- UTILITY (4) ------ Large Storage Unit Weight Redist. System > --- WEAPON (2) ------- Beamcaster Bore Cannon > --- INVENTORY (15) --- Light Ion Engine Flexi-carbon Leg Wheel Wheel Compact Wheel Medium Matter Pod (41) Structural Scanner Improved Terrain Scanner Terrain Scan Processor Armor Integrity Analyzer Bomb Drone Bay Assault Rifle Mining Laser Peak State ------------ > --- POWER ------------ Light Angular Momentum Engine > --- PROPULSION ------- Light Treads Wheel > --- UTILITY ---------- Large Storage Unit Weight Redist. System Seismic Detector > --- WEAPON ----------- Beamcaster Bore Cannon > --- INVENTORY -------- Light Ion Engine Light Treads Flexi-carbon Leg Wheel Wheel Compact Wheel Medium Matter Pod Structural Scanner Improved Terrain Scanner Terrain Scan Processor Armor Integrity Analyzer Bomb Drone Bay Assault Rifle Mining Laser [Rating: 24] Favorites ----------- Power Light Angular Momentum Engine Engine Light Angular Momentum Engine Propulsion Light Treads Treads Light Treads Leg Aluminum Leg Wheel Wheel Utility Large Storage Unit Device Seismic Detector Storage Large Storage Unit Processor Targeting Computer Weapon Assault Rifle Energy Gun Beamcaster Ballistic Gun Assault Rifle Ballistic Cannon Bore Cannon Build | -11 -10 -10 -9 ------- Run | Yrd Mat Min Mat Slots Evolved 2 | . . . 2 Power . | . . . . Propulsion . | . . . . Utility 2 | . . . 2 Weapon . | . . . . Parts Attached 14 | . 3 6 5 Power 1 | . . 1 . Engine 1 | . . 1 . Core . | . . . . Reactor . | . . . . Propulsion 6 | . 2 1 3 Treads 4 | . 1 1 2 Leg . | . . . . Wheel 2 | . 1 . 1 Hover . | . . . . Flight . | . . . . Utility 4 | . 1 2 1 Device 2 | . . 1 1 Storage 1 | . . 1 . Processor 1 | . 1 . . Hackware . | . . . . Protection . | . . . . Artifact . | . . . . Weapon 3 | . . 2 1 Energy Gun 1 | . . 1 . Energy Cannon . | . . . . Ballistic Gun 1 | . . 1 . Ballistic Cannon 1 | . . . 1 Launcher . | . . . . Special Weapon . | . . . . Impact Weapon . | . . . . Slashing Weapon . | . . . . Piercing Weapon . | . . . . Special Melee Weapon . | . . . . Unidentified Prototypes . | . . . . Parts Lost 4 | . . 2 2 Power . | . . . . Propulsion 2 | . . 1 1 Utility 2 | . . 1 1 Weapon . | . . . . Highest Loss Streak 2 | . . 1 2 To Critical Strikes . | . . . . Average Slot Usage (%) 90 | . 97 96 75 Engine 13 | . 14 14 11 Treads 17 | . 14 20 13 Wheel 5 | . 14 4 5 Device 7 | . . 7 12 Storage 13 | . 14 14 11 Processor 5 | . 11 5 . Energy Gun 8 | . . 9 11 Ballistic Gun 16 | . 28 18 7 Peak Build Rating 24 | 7 8 18 24 Average Rating 14 | 6 6 14 19 On Entrance 9 | 6 7 8 18 Naked Turns . | . . . . Heaviest Build 44 | 13 13 37 44 Greatest Support 46 | 20 20 40 46 Greatest Overweight (x) 3 | . 1 1 3 Average Overweight (x) . | . . . 1 Largest Inventory Capacity 15 | 8 8 15 15 Average Capacity 11 | 8 8 11 15 Most Carried 15 | 8 8 14 15 Average Carried 9 | 6 6 9 13 Final Capacity 15 | 8 8 15 15 Final Carried 14 | 8 8 14 14 Class Distribution -------------------- 82% | Mutant 17% | Scavenger-Mutant Dominant Class ---------------- Mutant | -10/Materials Mutant | -10/Mines Scavenger-Mutant | -9/Materials Resources | -11 -10 -10 -9 ----------- Run | Yrd Mat Min Mat Matter Collected 500 | 244 30 169 57 Remotely . | . . . . Salvage Created 387 | 153 . 152 82 Parts 20 | 12 . 5 3 Haulers Intercepted . | . . . . Recyclers Shooed 1 | 1 . . . Parts Field Recycled . | . . . . Retrieved Matter . | . . . . Parts Self-Destructed . | . . . . Prevented . | . . . . Kills | -11 -10 -10 -9 ------- Run | Yrd Mat Min Mat Combat Hostiles Destroyed 13 | . . 10 3 Guns 13 | . . 10 3 Classes Destroyed 5 | 2 . 2 1 Tunneler 3 | 3 . . . Recycler 1 | 1 . . . Swarmer 5 | . . 3 2 Sentry 1 | . . . 1 Assembled 7 | . . 7 . Best Kill Streak 3 | 2 . 3 2 Combat Bots Only 3 | . . 3 2 Max Kills in Single Turn 2 | 1 . 2 1 Gunslinging 1 | . . 1 . Exploded . | . . . . Melee . | . . . . Uniques/NPCs Destroyed . | . . . . Combat | -11 -10 -10 -9 -------- Run | Yrd Mat Min Mat Hostile Shots Fired 103 | . . 73 30 Missed 22 | . . 15 7 Damage Taken 954 | . . 630 324 Core 235 | . . 159 76 Absorbed by Shields . | . . . . Core Remaining (%) 68 | 100 . 36 . Volleys Fired 59 | 11 . 34 14 Largest 2 | 2 . 2 2 Hottest 132 | 40 . 95 132 Shots Fired 107 | 22 . 60 25 Gun 98 | 22 . 60 16 Cannon 9 | . . . 9 Launcher . | . . . . Special . | . . . . Kinetic 79 | 22 . 46 11 Thermal 28 | . . 14 14 Explosive . | . . . . Electromagnetic . | . . . . Robot Hit Streak 10 | 7 . 10 5 Robot Miss Streak 12 | 3 . 12 3 Penetration Max 1 | . . . 1 Secondary Targets 2 | . . 2 . Max Gunslinging Chain 1 | . . 1 . Shots Hit Robots 57 | 14 . 28 15 Core Hits 28 | 6 . 18 4 Critical Kills . | . . . . Critical Parts Destroyed 4 | . . . 4 Critical Strikes 4 | . . . 4 Destroy 4 | . . . 4 Melee Attacks . | . . . . Impact . | . . . . Slashing . | . . . . Piercing . | . . . . Sneak Attacks . | . . . . Combat Hostiles . | . . . . Follow-up Attacks . | . . . . Damage Inflicted 911 | 153 . 418 340 Guns 792 | 153 . 418 221 Cannons 119 | . . . 119 Explosions . | . . . . Melee . | . . . . Ramming . | . . . . Kinetic 599 | 153 . 315 131 Thermal 312 | . . 103 209 Explosive . | . . . . Electromagnetic . | . . . . Impact . | . . . . Slashing . | . . . . Piercing . | . . . . Highest Corruption . | . . . . Average Corruption . | . . . . Corruption Purged . | . . . . Corruption Blocked . | . . . . Overload Shots . | . . . . Overflow Damage . | . . . . Projectiles . | . . . . Explosions . | . . . . Melee . | . . . . Knockbacks . | . . . . Impact . | . . . . Kinetic . | . . . . Secondary . | . . . . Self-Inflicted Damage . | . . . . Shots . | . . . . Rammed . | . . . . Targets Rammed . | . . . . Kicked . | . . . . Crushed . | . . . . Highest Temperature 573 | . . 375 573 Average Temperature 160 | . . 133 219 Received Heat Transfer 439 | . . 400 39 Effects 6 | . . . 6 Shutdowns 1 | . . . 1 Energy Bleed 2 | . . . 2 Interference 3 | . . . 3 Siege Activations . | . . . . Robots Corrupted . | . . . . Combat Hostiles . | . . . . Parts Fried . | . . . . Impact Corruptions . | . . . . Robots Melted . | . . . . Combat Hostiles . | . . . . Parts Melted . | . . . . Heat Transferred 555 | . . 185 370 Parts Sabotaged . | . . . . Parts Stolen . | . . . . Parts Stripped . | . . . . Power Chain Reactions . | . . . . Alert | -11 -10 -10 -9 ------- Run | Yrd Mat Min Mat Peak Influence 94 | 20 50 94 81 Initial 19 | . 13 19 . Average 25 | 9 30 28 21 Maximum Alert Level . | . . . . Low Security (%) 100 | 100 100 100 100 Level 1 . | . . . . Level 2 . | . . . . Level 3 . | . . . . Level 4 . | . . . . Level 5 . | . . . . High Security . | . . . . Max Security . | . . . . Squads Dispatched 1 | . 1 . . Investigation . | . . . . Extermination . | . . . . Reinforcement 1 | . 1 . . Assault . | . . . . Garrison . | . . . . Intercept . | . . . . Searches Triggered . | . . . . Construction Impeded . | . . . . Haulers Reinforced . | . . . . Active Scanning Responses . | . . . . Cargo Convoy Interrupts . | . . . . Stealth | -11 -10 -10 -9 --------- Run | Yrd Mat Min Mat Distress Signals . | . . . . Communications Jammed . | . . . . Distress Signals . | . . . . Times Spotted 25 | . 2 15 8 Peak Tracking Total 7 | . 1 6 7 Tactical Retreats 1 | . . 1 . Traps | -11 -10 -10 -9 ------- Run | Yrd Mat Min Mat Traps Triggered . | . . . . Indirectly . | . . . . Trap Hack Attempts . | . . . . Triggered . | . . . . Disarmed . | . . . . Reprogrammed . | . . . . Reused . | . . . . Traps Extracted . | . . . . Installed . | . . . . Triggered . | . . . . Machines | -11 -10 -10 -9 ---------- Run | Yrd Mat Min Mat Machines Disabled . | . . . . Max in Single Turn . | . . . . Machines Repaired . | . . . . Machines Dismantled . | . . . . Machines Sabotaged . | . . . . Overloaded Fab Kills . | . . . . Hacking | -11 -10 -10 -9 --------- Run | Yrd Mat Min Mat Machines Accessed 4 | . 2 1 1 Terminals 3 | . 2 . 1 Fabricators . | . . . . Repair Stations . | . . . . Recycling Units . | . . . . Scanalyzers . | . . . . Garrison Access . | . . . . Total Hacks 11 | . 8 1 2 Successful 5 | . 4 1 . Failed 6 | . 4 . 2 Catastrophic . | . . . . Database Lockouts . | . . . . Manual 7 | . 5 . 2 Terminals 10 | . 8 . 2 Fabricators . | . . . . Repair Stations . | . . . . Recycling Units . | . . . . Scanalyzers . | . . . . Garrison Access . | . . . . Terminal Hacks 2 | . 1 1 . Open Door 1 | . . 1 . Locate Traps 1 | . 1 . . Fabricator Hacks . | . . . . Repair Station Hacks . | . . . . Recycling Unit Hacks . | . . . . Scanalyzer . | . . . . Garrison Access Hacks . | . . . . Unauthorized Hacks 3 | . 3 . . Terminals 3 | . 3 . . Botnet 2 | . 2 . . Skim 1 | . 1 . . Fabricators . | . . . . Repair Stations . | . . . . Recycling Units . | . . . . Scanalyzers . | . . . . Garrison Access . | . . . . Data Cores Recovered . | . . . . Used . | . . . . Hacking Detections 3 | . 2 . 1 Full Trace Events . | . . . . Feedback Events . | . . . . Feedback Blocked . | . . . . Robot Schematics Acquired . | . . . . Robots Built . | . . . . Authchips . | . . . . Time . | . . . . Total Robot Build Rating . | . . . . Part Schematics Acquired . | . . . . Parts Built . | . . . . Authchips . | . . . . Time . | . . . . Total Part Build Rating . | . . . . Parts Repaired . | . . . . Time . | . . . . Parts Recycled . | . . . . Recycled Matter . | . . . . Retrieved Matter . | . . . . Retrieved Components . | . . . . Parts Scanalyzed . | . . . . Part Schematics Acquired . | . . . . Parts Damaged . | . . . . Bothacking | -11 -10 -10 -9 ------------ Run | Yrd Mat Min Mat Used RIF Installer . | . . . . Robots Hacked . | . . . . Non-combat . | . . . . Combat . | . . . . Robot Hacks Applied . | . . . . Relay Couplers Released . | . . . . Fabnet Peak Effective % . | . . . . Robots Rewired . | . . . . Allies Hacked . | . . . . Hacks Repelled . | . . . . Allies | -11 -10 -10 -9 -------- Run | Yrd Mat Min Mat Total Allies . | . . . . Largest Group . | . . . . Highest-Rated Group . | . . . . Highest-Rated Ally . | . . . . Total Orders . | . . . . Ally Attacks . | . . . . Total Damage . | . . . . Kills . | . . . . Allies Corrupted . | . . . . Allies Melted . | . . . . Intel | -11 -10 -10 -9 ------- Run | Yrd Mat Min Mat Robot Analysis Total . | . . . . Derelict Logs Recovered . | . . . . Drone Launches . | . . . . Drone Recoveries . | . . . . Exploration | -11 -10 -10 -9 ------------- Run | Yrd Mat Min Mat Turns Passed 997 | 81 125 540 251 Spaces Moved 520 | 14 124 274 108 Core . | . . . . Treads 197 | . . 143 54 Legs 18 | 14 4 . . Wheels 305 | . 120 131 54 Hover . | . . . . Flight . | . . . . Fastest Speed 95 | 120 95 95 125 Average Speed 136 | 120 95 140 178 Slowest Speed 320 | 120 120 240 320 Overloaded Moves . | . . . . Propulsion Burnouts . | . . . . Robots Hopped . | . . . . Cave-ins Triggered . | . . . . Exploration Rate (%) 24 | 2 31 53 12 Regions Visited 3 Branch Regions 1 Pre-discovered Areas . | . . . . Known Exits Taken . | . . . . Unknown Exits Taken 3 | 1 1 1 . Scrap Searched 1 | . . 1 . Spaces Dug . | . . . . Terrain Destroyed 7 | . . 2 5 Melee . | . . . . Projectile 7 | . . 2 5 AOE . | . . . . Terrain Rammed . | . . . . Walls Destroyed . | . . . . Machines Disabled . | . . . . Actions | -11 -10 -10 -9 --------- Run | Yrd Mat Min Mat Total 706 | 58 131 376 141 Wait 87 | 32 . 46 9 Move 517 | 13 123 273 108 Hop . | . . . . Pick Up 18 | 2 3 10 3 Fast Attach 2 | . . 1 1 Attach 6 | . 3 1 2 Detach . | . . . . Swap 6 | . . 4 2 Drop 11 | . 2 7 2 Fire 59 | 11 . 34 14 Melee . | . . . . Ram . | . . . . Kick . | . . . . Crush . | . . . . Escape Stasis . | . . . . Rewire . | . . . . Trap . | . . . . Miscellaneous . | . . . . Route ------- -11/Scrapyard -10/Materials -10/Mines -9/Materials History --------- Turn | Location | Event 13 | -11/Scrapyard | Discovered new exit (range 3) 82 | -11/Scrapyard | Entered Materials 192 | -10/Materials | Discovered new exit (range 9) 207 | -10/Materials | Entered Mines 216 | -10/Mines | Assembled infested the area 221 | -10/Mines | Assisted by a Guerilla fighting off Assembled 223 | -10/Mines | Found the Drone Emporium 229 | -10/Mines | Found Prototype Device 307 | -10/Mines | Build established: Mutant 521 | -10/Mines | Core integrity fell below 50% 700 | -10/Mines | Discovered new exit (range 10) 747 | -10/Mines | Entered Materials 747 | -9/Materials | Evolved 2 slots: Utility x2 998 | -9/Materials | Self-destructed Last Messages --------------- 00980_ Destroyed Flight Unit. 00982_ K-01 Serf collects debris. 00982_ U-05 Engineer builds a Wall. 00983_ Seismic Detector destroyed. 00983_ S-10 Pest destroyed. 00986_ K-01 Serf collects debris. 00989_ HV Slug penetrates L-31 Rogue. 00989_ K-01 Serf collects debris. 00991_ Lgt. Treads severed. 00992_ Overheating: System interference. 00992_ Bore Cannon temporarily disabled. 00992_ Weight Redist. System temporarily disabled. 00992_ Bore Cannon temporarily disabled. 00992_ K-01 Serf collects debris. 00995_ Overheating: Energy bleed (-28). 00996_ Power failure, Lgt. Angular Momentum Engine shutdown. 00996_ Lgt. Treads destroyed. 00998_ Overheating: Energy bleed (-16). Map ----- +----------------------------------------------------+ | ??????????????????# ### #"" # | | ??????????????????# ???# #"T # | | ??????????????????# ???# #"" # | | ??????????????????# ????# #"" # | | ??????????????????#########?# # # | | ??????????????????# ### ######## | | ??????????????????# # # # | | ??????????????????# """ # # # | | ??????????????????# """ + + # | | ??????????????????# """ # # # | | ??????????????????# ! # # # | | ??????????????????# """ ## ## # | | ??????????????????# """ ## ## # | | ??????????????????#= """ ## ## # | | ??????????????????# ## ## # | | ??????????????????# ## ####### | | ??????????????????######+### ######? | | ????????????????##?????# #?# # ? | | ????????????????# ###### #?# # # | | ????????????????# ## #?# # """ # | | ????????????????# ## #?# # """ # | | ????????????????# ## ### # """ # | | ????????????????# =## ### # # | | ????????????????#!!! # + """ # | | ????????????????#!! + # """ # | | ????????????????#!!! #%%@ # """ # | | ????????????????# ##sl###### # | | ????????????????# ##uu#????# # | | ????????????????# " " ##g##????# # | | ????????????????# "R" ##g#?????####### | | ????????????????# """ ##m#???????????? | | ????????????????########Y#???????????? | | ???????????????????????#r#???????????? | | ???????????????????????#k%???????????? | | ???????????????????????# ???????????? | | ???????????????????????? ???????????? | | ???????????????????????? ???????????? | | ???????????????????????? ???????????? | | ???????????????????????? /???????????? | | ???????????????????????? /???????????? | | ???????????????????????? /???????????? | | ???????????????????????? ???????????? | | ?????????????????????????????????????? | | ?????????????????????????????????????? | | ?????????????????????????????????????? | | ?????????????????????????????????????? | | ?????????????????????????????????????? | | ?????????????????????????????????????? | | ?????????????????????????????????????? | | ?????????????????????????????????????? | +----------------------------------------------------+ Best States ------------- Heat Dissipation 28 Energy Generation 18 Energy Capacity 250 Matter Stores 300 Matter Capacity 300 Sight Range 16 Terrain Scan Density 10 Additional Mass Support 6 Evasion (%) 50 Targeting Accuracy 5 Recoil Reduction 2 Item Schematics ----------------- None Robot Schematics ------------------ None Fabricated ------------ Nothing Alien Tech Used ----------------- None Achievements -------------- None Challenges ------------ None Game ------ Seed ThermicAssemblyCompressor Manual? 0 Play Time 00:11:59 Cumulative 107.4 hours Start 2024.09.24 @ 19:21:22 End 2024.09.26 @ 17:22:22 Sessions 2 Manual Loads 0 Difficulty Rogue Special Mode None Game No. 165 Rogue 161 Adventurer 4 Explorer 0 Win Type - Total 0 Types 0/0/0/0/0/0/0/0/0 Lore% 49 Gallery% 57 Achievement% 42 Wizard Run 0 Options --------- Layout 2 ASCII 0 Keyboard 0 Movement Mouse Keybinds 0 Fullscreen 2 Font 24/Smallcaps Map View 50x44 Zoom Use 0% Tactical HUD 1 Map Filters NONE Filters NONE Steam 1 RUN: 79898ada-d8c0-4688-b26e-cd167e696846